 Dungeon Crawl Stone Soup version 0.27-a0-1555-g0e7b3fb1d2 (webtiles) character file.

Game seed: 7023920966041812280

518 Spaninq the Poker (level 7, -6/52 HPs)
             Began as a Merfolk Ice Elementalist on July 14, 2021.
             Mangled by an ogre (19 damage)
             ... on level 5 of the Dungeon.
             The game lasted 00:29:21 (6185 turns).

Spaninq the Poker (Merfolk Ice Elementalist)        Turns: 6185, Time: 00:29:21

Health: -6/52      AC:  7    Str: 10    XL:     7   Next: 21%
Magic:  19/19      EV: 12    Int: 15    God:
Gold:   255        SH:  5    Dex: 14    Spells: 9/10 levels left

rFire    . . .     SeeInvis .   d - +0 dagger (venom)
rCold    . . .     Faith    .   (no shield)
rNeg     . . .     Spirit   .   v - +0 ring mail
rPois    .         Reflect  +   m - +0 helmet
rElec    .         Harm     .   (no cloak)
rCorr    .         Rampage  .   p - +0 pair of gloves
Will     .....                  (no boots)
Stlth    +.........             t - amulet of reflection
HPRegen  0.17/turn              g - ring of magical power
MPRegen  0.16/turn              (no ring)

@: no status effects
A: (nimble swimmer 2), mertail
a: no special abilities


You were on level 5 of the Dungeon.
You visited 1 branch of the dungeon, and saw 7 of its levels.

You collected 255 gold pieces.

Inventory:

Hand Weapons
 d - a +0 dagger of venom (weapon)
 e - a +0 trident
Armour
 c - a +0 tower shield
 h - a +0 scale mail
 m - a +0 helmet (worn)
 o - a +0 leather armour
 p - a +0 pair of gloves (worn)
 v - a +0 ring mail (worn)
Jewellery
 g - a ring of magical power (left hand)
 t - an amulet of reflection (around neck)
Scrolls
 b - 6 scrolls of identify {unknown}
 j - a scroll of magic mapping {unknown}
 n - 2 scrolls of enchant weapon {unknown}
 q - 2 scrolls of blinking {unknown}
 r - 4 scrolls of teleportation {unknown}
Potions
 a - 2 potions of resistance {unknown}
 f - a potion of berserk rage {unknown}
 i - a potion of mutation {unknown}
 k - a potion of magic {unknown}
 l - 4 potions of lignification {unknown}
 s - 2 potions of degeneration {unknown}
 u - a potion of attraction {unknown}
 w - a potion of might {unknown}


   Skills:
 + Level 3.5 Fighting
 * Level 7.1 Polearms
 + Level 1.0 Armour
 + Level 5.3 Dodging
 - Level 2.2 Stealth
 - Level 2.0 Spellcasting
 - Level 4.4 Ice Magic


You had 9 spell levels left.
You knew the following spells:

 Your Spells              Type           Power      Damage    Failure   Level
a - Freeze                Ice            56%        1d7       10%         1

Your spell library contained the following spells:

 Spells                   Type           Power      Damage    Failure   Level
 Frozen Ramparts          Ice            28%        1d4       28%         3
 Ozocubu's Armour         Ice            14%        N/A       28%         3
 Ignite Poison            Fire/Tmut/Pois 1%         N/A       86%         3
 Mephitic Cloud           Conj/Pois/Air  1%         N/A       86%         3
 Hailstorm                Conj/Ice       8%         3d4       92%         4
 Bolt of Magma            Conj/Fire/Erth 0%         4d4       100%        5


Dungeon Overview and Level Annotations

Branches:
Dungeon (7/15)
 Temple: D:4-7

Altars:
The Shining One

Annotations:
D:2 Sigmund


Innate Abilities, Weirdness & Mutations

((You are quick and stealthy near water. (Stealth+, EV+, Speed+++)))
Your lower body shifts to a powerful aquatic tail in water.


Message History

The ogre hits you with a +0 giant club!
Casting: Freeze (safe; 10% risk of failure)
Confirm with . or Enter, or press ? or * to list all spells.
Aiming: Freeze (safe; 10% risk of failure)
Press: ? - help, Shift-Dir - straight line, f/p - ogre
Aim: an ogre, wielding a +0 giant club (moderately wounded)
You miscast Freeze.
You are very lightly contaminated with residual magic.
Nothing appears to happen.
The ogre misses you.
Your +0 dagger of venom begins to drip with poison!
d - a +0 dagger of venom (weapon)
You barely miss the ogre.
The ogre is moderately wounded.
The ogre hits you with a +0 giant club.
You hit the ogre.
The ogre is poisoned.
The ogre is moderately wounded.
The ogre hits you with a +0 giant club!
* * * LOW HITPOINT WARNING * * *
Your magical contamination has completely faded away.
You see here a +0 mace.
Your +0 dagger of venom stops dripping with poison.
e - a +0 trident (weapon)
The ogre looks more healthy.
You barely miss the ogre.
The ogre is almost dead.
The ogre hits you with a +0 giant club!
* * * LOW HITPOINT WARNING * * *
You see here a +0 mace.
You barely miss the ogre.
The ogre is almost dead.
The ogre closely misses you.
Reach: e) +0 trident
Press: ? - help, Dir - move target, f/p - ogre
Aim: an ogre, wielding a +0 giant club (severely wounded, about 24% to evade your +0 trident)
You reach to attack!
You hit the ogre but do no damage.
The ogre is severely wounded.
Your +0 dagger of venom begins to drip with poison!
d - a +0 dagger of venom (weapon)
The ogre hits you with a +0 giant club!!
You die...

.... ...# #.#.###.# #...## ##.#
##### #.#..##.# #..... ...#
#.#...#.# #...## .# #.#...#.#
#...# .#############.......##
#...#
.....##.....#.).......######...##
.###.##.....#....................
.###.##........O.................
...#.##......###@..###.[.........
##.#.##......# #...# #######...##
##.#.#######.# #...# #...#
.....#######.####..# #...#
............#...)..# #...##
.#.#..#......#####.# #....#
.#.#.........#####.# #....#
.#.................### ####.#
.###..##.....#####...### ##.#


You could see an ogre.

Vanquished Creatures
  An ogre (D:5)
  A phantom (D:5)
  3 hounds
  2 iguanas (D:5)
  A howler monkey zombie (D:5)
  Robin (D:2)
  4 gnolls (D:4)
  7 adders
  A worm (D:2)
  2 dart slugs
  5 orcs (D:5)
  5 bats
  4 endoplasms
  4 giant cockroaches
  8 hobgoblins
  8 jackals
  8 kobolds
  5 quokkas
  8 ball pythons
  2 frilled lizards (D:1)
  14 goblins
  3 rats (D:1)
97 creatures vanquished.

Vanquished Creatures (others)
  A kobold (D:4)
1 creature vanquished.

Grand Total: 98 creatures vanquished

Notes
Turn   | Place    | Note
-------+----------+-------------------------------------------
     0 | D:1      | Spaninq the Merfolk Ice Elementalist began the quest for
                  | the Orb.
     0 | D:1      | Reached XP level 1. HP: 13/13 MP: 3/3
   124 | D:1      | Reached skill level 1 in Polearms
   144 | D:1      | Reached XP level 2. HP: 12/20 MP: 0/5
   635 | D:1      | Reached skill level 2 in Polearms
   700 | D:1      | Reached skill level 1 in Fighting
   809 | D:1      | Reached XP level 3. HP: 26/26 MP: 6/6
  1254 | D:1      | Reached skill level 3 in Polearms
  1421 | D:2      | Reached XP level 4. HP: 25/32 MP: 7/7
  1680 | D:2      | Noticed Sigmund
  2004 | D:2      | Noticed Robin
  2220 | D:2      | Reached skill level 4 in Polearms
  2458 | D:2      | Killed Robin
  2922 | D:3      | Reached XP level 5. HP: 34/38 MP: 8/8
  3908 | D:4      | You fall into a shaft and drop 3 floors!
  3919 | D:5      | Entered Level 5 of the Dungeon
  3934 | D:5      | Reached skill level 5 in Polearms
  4567 | D:4      | Reached XP level 6. HP: 45/46 MP: 9/9
  5315 | D:5      | Reached skill level 6 in Polearms
  5486 | D:5      | Reached skill level 5 in Dodging
  5639 | D:5      | Reached XP level 7. HP: 31/52 MP: 10/10
  5803 | D:5      | Reached skill level 7 in Polearms
  5839 | D:5      | Found a glowing golden altar of the Shining One.
  5875 | D:5      | Reached skill level 1 in Armour
  6185 | D:5      | Mangled by an ogre

Illustrated notes

Levels and vault maps discovered:
D:1:      sevenhm_arrival_forest_fort_small_6, layout_basic
D:2:      wad_pebble_path, layout_basic, uniq_robin, uniq_sigmund
D:3:      layout_loops_ring
D:4:      layout_basic
D:5:      layout_loops_cross, mainiacjoe_overflow_six_doors_small
D:6:      layout_basic, nemelex_dance_club_becter, uniq_crazy_yiuf_cottage
D:7:      layout_gridville, minmay_temple_entry_proselytizer

Skill      XL: |  1  2  3  4  5  6  7 |
---------------+----------------------+-----
Polearms       | 1 2 3 4 5 6 7 |  7.1
Dodging        | 3 4 5 |  5.3
Fighting       | 1 2 3 |  3.5
Armour         | 1 |  1.0
Stealth        | |  2.2
Spellcasting   | |  2.0
Ice Magic      | |  4.4

Action                   |  1- 3 |  4- 6 |  7- 9 || total
-------------------------+-------+-------+-------++-------
Melee: Spear             |    16 |       |       ||    16
       Dagger            |    31 |   204 |     2 ||   237
       Trident           |       |    24 |    20 ||    44
 Cast: Freeze            |    28 |    25 |     3 ||    56
 Stab: Sleeping          |     4 |     3 |       ||     7
       Distracted        |       |     1 |       ||     1
Armor: Robe              |    11 |    10 |       ||    21
       Leather armour    |       |    18 |       ||    18
       Ring mail         |       |    12 |     3 ||    15
Dodge: Dodged            |    50 |   137 |     9 ||   196
Block: Other             |       |    16 |     2 ||    18
       Reflection        |       |     1 |       ||     1

Table legend: (Time is in decaauts)
 A = Elapsed time spent in this place.
 B = Non-inter-level travel time spent in this place.
 C = Inter-level travel time spent in this place.
 D = Time resting spent in this place.
 E = Time spent auto-exploring this place.
 F = Levels seen in this place.
 G = Mean time per level.
                   A        B        C        D        E       F      G
               +--------+--------+--------+--------+--------+-----+--------+
         Total |   6188 |   5949 |    239 |   1542 |   2684 |   7 |  884.0 |
       Dungeon |   6188 |   5949 |    239 |   1542 |   2684 |   7 |  884.0 |
               +--------+--------+--------+--------+--------+-----+--------+

Top non-repeatable levels by time:
     D:1: 1582 daAuts
     D:5: 1323 daAuts
     D:2: 1219 daAuts
     D:4: 1090 daAuts
     D:3: 961 daAuts
     D:7: 7 daAuts
     D:6: 2 daAuts
